 Dungeon Crawl Stone Soup version 0.17.0-26-gececa24 (webtiles) character file.

249 MDvedh the Sneak (level 5, -5/24 HPs)
             Began as a Spriggan Enchanter on Nov 20, 2015.
             Slain by an iguana (14 damage)
             ... on level 4 of the Dungeon.
             The game lasted 00:05:27 (2556 turns).

MDvedh the Sneak (Spriggan Enchanter)               Turns: 2556, Time: 00:05:27

Health: -5/24      AC:  3    Str:  4    XL:     5   Next: 86%
Magic:  7/10       EV: 18    Int: 17    God:
Gold:   162        SH:  0    Dex: 17    Spells: 2 memorised, 6 levels left

rFire  . . .     SeeInvis +     r - +1 dagger (venom)
rCold  . . .     Clarity  .     b - +1 robe
rNeg   . . .     SustAt   .     (shield restricted)
rPois  +         Gourm    .     (helmet restricted)
rElec  .         Spirit   .     (no cloak)
rCorr  .         Warding  .     (gloves unavailable)
rMut   .         Stasis   .     (boots unavailable)
MR     .....                    (no amulet)
Stlth  ++++......               s - ring of poison resistance
                                f - ring of flight

@: very quick, not resistant to hostile enchantments, stealthy
A: unfitting armour, see invisible, herbivore 3, speed 3, slow metabolism 2
a: Evoke Flight


You were on level 4 of the Dungeon.
You were full.

You visited 1 branch of the dungeon, and saw 4 of its levels.

You collected 162 gold pieces.

Inventory:

Hand Weapons
 r - a +1 dagger of venom (weapon)
Armour
 b - a +1 robe (worn)
 j - a +0 cloak
Jewellery
 f - a ring of flight (left hand)
 s - a ring of poison resistance (right hand)
Scrolls
 e - a scroll of remove curse {unknown}
 h - a scroll of fear
 l - a scroll of teleportation
 u - a scroll of amnesia {unknown}
Potions
 a - a potion of degeneration {unknown}
 g - a potion of resistance {unknown}
 i - a potion of haste {unknown}
 k - a potion of agility {unknown}
 m - a potion of ambrosia {unknown}
 o - 2 potions of curing
 q - a potion of lignification {unknown}
 t - a potion of mutation {unknown}
 v - 2 potions of might
Books
 c - a book of Maledictions

   Spells                             Type                      Level
   a - Corona                         Hexes                        1
   b - Ensorcelled Hibernation        Hexes/Ice                    2
   c - Confuse                        Hexes                        3
   d - Tukima's Dance                 Hexes                        3
   e - Dazzling Spray                 Conjuration/Hexes            3
Comestibles
 d - 3 bread rations


   Skills:
 + Level 3.2 Short Blades
 - Level 3.0 Dodging
 + Level 6.8 Stealth
 - Level 2.6 Spellcasting
 * Level 5.9 Hexes


You had 6 spell levels left.
You knew the following spells:

 Your Spells              Type           Power        Failure   Level  Hunger
a - Ensorcelled Hibernat  Hex/Ice        ##....       10%         2    ##.....
b - Corona                Hex            ###....      1%          1    #......


Dungeon Overview and Level Annotations

Branches:
Dungeon (4/15)
 Temple: D:4-7

Altars:
Dithmenos


Innate Abilities, Weirdness & Mutations

You are tiny and cannot use many weapons and most armour.
You have supernaturally acute eyesight.
You are a herbivore.
You cover ground extremely quickly.
You need consume almost no food.


Message History

Read which item? (? for menu, Esc to quit)
As you read the scroll labeled ITENA GIKHUZOFOTH, it crumbles to dust.
It is a scroll of enchant weapon.
Enchant which weapon? (? for menu, Esc to quit)
Your +0 dagger of venom glows red for a moment.
Read which item? (? for menu, Esc to quit)
As you read the scroll labeled JIC FENUWNYU, it crumbles to dust.
It is a scroll of recharging.
You aren't carrying any rechargeable items.
Your surroundings suddenly seem different.
Found 11 arrows of flame.
An iguana comes into view.
The iguana hisses angrily.
The iguana bites you!
Ouch! That really hurt!
Found 22 arrows.
You hit the iguana but do no damage.
The iguana is poisoned.
The iguana bites you!
Ouch! That really hurt!
You die...

##.(.#..# ...
##......# ...
#.......# ....
##........# .....
#.........#
.....#
##....#....#
#...##...####...#
#......## #...
###.@### #.. #l.#
.# #..# ...#
..... ......
....... .(.......


You could see an iguana.

Vanquished Creatures
  2 hounds (D:4)
  Natasha (thrice) (D:3)
  7 adders
  5 worms
  2 giant geckos
  7 orcs (D:3)
  A giant cockroach (D:4)
  7 hobgoblins
  6 kobolds
  2 quokkas (D:3)
  6 bats
  4 giant newts
  7 goblins
  11 rats
70 creatures vanquished.

Notes
Turn   | Place    | Note
--------------------------------------------------------------
     0 | D:1      | MDvedh the Spriggan Enchanter began the quest for the Orb.
     0 | D:1      | Reached XP level 1. HP: 9/9 MP: 5/5
   362 | D:1      | Reached XP level 2. HP: 11/13 MP: 6/6
   366 | D:1      | Learned a level 2 spell: Ensorcelled Hibernation
   703 | D:2      | Reached skill level 5 in Stealth
   703 | D:2      | Reached XP level 3. HP: 16/16 MP: 0/8
   976 | D:2      | Found a faded altar to an unknown god.
  1534 | D:3      | Reached XP level 4. HP: 21/21 MP: 9/9
  1670 | D:3      | Noticed Natasha
  1677 | D:3      | Reached skill level 5 in Hexes
  1688 | D:3      | Killed Natasha
  1688 | D:3      | Reached skill level 6 in Stealth
  2110 | D:3      | Noticed Natasha
  2113 | D:3      | Killed Natasha
  2113 | D:3      | Reached XP level 5. HP: 24/24 MP: 5/10
  2165 | D:3      | Noticed Natasha
  2192 | D:3      | Killed Natasha
  2485 | D:4      | Found a shadowy altar of Dithmenos.
  2556 | D:4      | Slain by an iguana

Action                   |  1- 3 |  4- 6 || total
-------------------------+-------+-------++-------
Melee: Dagger            |    83 |   104 ||   187
       Unarmed           |       |    12 ||    12
 Cast: Ensorcelled Hiber |    11 |    11 ||    22
  Use: Scroll            |       |     6 ||     6
 Stab: Sleeping          |    20 |    10 ||    30
       Confused          |       |     1 ||     1
  Eat: Bread ration      |       |     1 ||     1
